 Dungeon Crawl Stone Soup version 0.28.0-53-g5a82cb258f (webtiles) character file.

Game seed: 6267807764076707925

2 Tirrikindir the Shield-Bearer (level 1, 14/14 HPs)
             Began as an Octopode Fighter on Aug 16, 2022.
             Was a Follower of Hepliaklqana.
             Got out of the dungeon alive.
             The game lasted 00:00:30 (142 turns).

Tirrikindir the Shield-Bearer (Octopode Fighter)     Turns: 142, Time: 00:00:30

Health: 14/14      AC:  1    Str: 15    XL:     1   Next: 30%
Magic:  1/1        EV: 13    Int: 10    God:    Hepliaklqana [*.....]
Gold:   18         SH:  4    Dex: 11    Spells: 0/0 levels left

rFire   . . .      SeeInvis .   a - +0 long sword
rCold   . . .      Faith    .   b - +0 buckler
rNeg    . . .      Spirit   .   (helmet restricted)
rPois   .          Reflect  .   (no amulet)
rElec   .          Harm     .   (no ring)
rCorr   .          Rampage  .   (no ring)
Will    .....                   (no ring)
Stlth   ++........              (no ring)
HPRegen 0.04/turn               (no ring)
MPRegen 0.07/turn               (no ring)
                                (no ring)
                                (no ring)

@: no status effects
A: reduced essence, almost no armour, amphibious, 8 rings, camouflage 1,
gelatinous body 1, (nimble swimmer 1), tentacles
a: Renounce Religion, Recall Ancestor, Ancestor Identity


You escaped.
You worshipped Hepliaklqana.
Hepliaklqana was aware of your devotion.
You visited 1 branch of the dungeon, and saw 1 of its levels.

You collected 18 gold pieces.

Inventory:

Hand Weapons
 a - a +0 long sword (weapon)
Armour
 b - a +0 buckler (worn)
Scrolls
 d - a scroll of magic mapping {unknown}
Potions
 c - a potion of might


   Skills:
 + Level 3.0 Fighting
 * Level 2.0 Long Blades
 + Level 3.0 Dodging
 + Level 0.1 Stealth
 + Level 3.0 Shields


You couldn't memorise any spells.
You didn't know any spells.
Your spell library was empty.

Dungeon Overview and Level Annotations

Branches:
Dungeon (1/15)

Altars:
Hepliaklqana


Innate Abilities, Weirdness & Mutations

Your life essence is reduced to manifest your ancestor. (-10% HP)
You cannot wear most types of armour.
You are amphibious.
You can wear up to eight rings at the same time.
Your skin changes colour to match your surroundings (Stealth+).
Your rubbery body absorbs attacks. (AC +1, EV +1)
((You are camouflaged when in or above water. (Stealth+)))
You have tentacles for arms and can constrict up to eight enemies at once.


Message History

You block the rat's attack.
You hit the rat. Your grab misses the rat.
The rat is moderately wounded.
The rat bites you.
You closely miss the rat. Your grab misses the rat.
The rat is moderately wounded.
The rat closely misses you.
You slash the rat!
You kill the rat!
You see here a rat corpse.
Found a mace.
Found 8 gold pieces.
A frilled lizard comes into view.
The frilled lizard hisses angrily.
You see here a +0 mace.
The frilled lizard barely misses you.
You closely miss the frilled lizard. You grab the frilled lizard.
You constrict the frilled lizard.
You kill the frilled lizard!
You see here a frilled lizard corpse.
You now have 18 gold pieces (gained 8).
HP restored.
Found a faded altar of an unknown god.
There is a dry fountain here.
There is a faded altar of an unknown god here.
You cannot tell which god this altar belongs to.
Convert to them anyway?
Hepliaklqana accepts your prayer! Hepliaklqana welcomes you!
Hepliaklqana forms a fragment of your life essence into the memory of your ancestor, Cuetlachtli!
You can now recall your ancestor.
You can now remember your ancestor's identity.
(D) Dungeon
Where to? (? - help)
What level of the Dungeon? (default 1, ? - help)
You see here a +0 mace.
There is a stone staircase leading down here.
You see here a +0 short sword.
There is a staircase leading out of the dungeon here.
Are you sure you want to leave the Dungeon?
This will make you lose the game!
You have escaped!

##.#.#.#
#..### #.#
.#..#.. ...#
#.# # #.##..
.... #.#
###.# ###.#
########...#
##.....##.###
##.#####.#.#
#..8≈8≈8.#.#
#@R≈≈≈≈≈...#
#..8≈8≈8.###
##.#####.#
##. .## ## ##


You could see the friendly Cuetlachtli the ancestor.

Vanquished Creatures
  A frilled lizard (D:1)
  A kobold (D:1)
  A rat (D:1)
3 creatures vanquished.

Notes
Turn   | Place    | Note
-------+----------+-------------------------------------------
     0 | D:1      | Tirrikindir the Octopode Fighter began the quest for the
                  | Orb.
     0 | D:1      | Reached XP level 1. HP: 16/16 MP: 1/1
    84 | D:1      | Found a faded altar of an unknown god.
    89 | D:1      | Prayed at the altar of an unknown god.
    89 | D:1      | Became a worshipper of Hepliaklqana the Forgotten
    89 | D:1      | Reached * piety under Hepliaklqana
   142 | D:$      | Got out of the dungeon alive.

Illustrated notes

Levels and vault maps discovered:
D:1:      lightli_arrival_statue_moat, layout_loops_ring,
          shapermc_ecumenical_altar_venn

Action                   || total
-------------------------++-------
Melee: Long sword        ||     5
       Constrict         ||     1
       Tentacles         ||     1
Dodge: Dodged            ||     2
Block: Buckler           ||     2
